 Dungeon Crawl Stone Soup version 0.22-a0-417-g1387785 (webtiles) character file.

1080 nikopol the Cleaver (level 8, -8/71 HPs)
             Began as a Hill Orc Berserker on May 14, 2018.
             Was an Elder of Trog.
             Mangled by an ice beast (10 damage)
             ... on level 6 of the Dungeon.
             The game lasted 00:11:25 (4807 turns).

nikopol the Cleaver (Hill Orc Berserker)            Turns: 4807, Time: 00:11:26

Health: -8/71      AC:  8    Str: 21    XL:     8   Next: 29%
Magic:  8/8        EV: 12    Int:  5    God:    Trog [****..]
Gold:   240        SH:  0    Dex: 11    Spells: 7/7 levels left

rFire    + . .     SeeInvis .   a - +0 hand axe
rCold    . . .     Gourm    .   (no shield)
rNeg     . . .     Faith    .   s - +0 ring mail
rPois    .         Spirit   .   (no helmet)
rElec    .         Reflect  .   (no cloak)
rCorr    .         Harm     .   (no gloves)
MR       .....                  v - +1 pair of boots
Stlth    +.........             (no amulet)
HPRegen  0.21/turn              q - -2 ring of intelligence (curse)
MPRegen  0.11/turn              B - ring of protection from fire

@: berserk cooldown, hasted and slowed
A: no striking features
a: Berserk, Trog's Hand, Brothers in Arms, Renounce Religion


You were on level 6 of the Dungeon.
You worshipped Trog.
Trog was greatly pleased with you.
You were very hungry.

You visited 1 branch of the dungeon, and saw 6 of its levels.

You collected 240 gold pieces.

Inventory:

Hand Weapons
 a - a +0 hand axe (weapon)
Armour
 b - a +0 animal skin
 s - a +0 ring mail (worn)
 v - a +1 pair of boots (worn)
Jewellery
 q - a cursed -2 ring of intelligence (left hand)
 z - a +3 ring of dexterity
 B - a ring of protection from fire (right hand)
Wands
 u - a wand of iceblast (13)
Scrolls
 d - a scroll of random uselessness
 e - 2 scrolls of noise
 f - 5 scrolls of remove curse
 h - 2 scrolls of identify
 o - a scroll of amnesia
 r - a scroll of teleportation
 y - 3 scrolls of enchant armour
Potions
 g - a potion of flight {unknown}
 j - 2 potions of haste
 k - 2 potions of mutation
 l - a potion of lignification {unknown}
 m - a potion of degeneration {unknown}
 n - a potion of might {unknown}
 p - a potion of resistance {unknown}
 w - 2 potions of heal wounds
 x - 2 potions of magic {unknown}
Comestibles
 c - 10 rations
 t - 5 chunks of flesh


   Skills:
 + Level 6.3 Fighting
 + Level 9.7 Axes
 + Level 4.0 Armour
 + Level 3.1 Dodging
 + Level 1.2 Stealth


You had 7 spell levels left.
You didn't know any spells.
Your spell library was empty.

Dungeon Overview and Level Annotations

Branches:
Dungeon (6/15)             Temple (0/1) D:4

Altars:

Shops:
D:5 %

Portals:
Sewer: D:6

Annotations:
D:6 Grinder


Message History

The centaur is moderately wounded.
You closely miss the ice beast.
The centaur hits you but does no damage.
The ice beast hits you.
* * * LOW HITPOINT WARNING * * *
The ice beast freezes you!
* * * LOW HITPOINT WARNING * * *
The centaur hits you but does no damage.
Grinder blinks!
You feel yourself speed up. The centaur barely misses you.
The ice beast barely misses you. The centaur closely misses you.
The ice beast misses you.
You slash the centaur!
The centaur is severely wounded.
You closely miss the ice beast. The centaur hits you.
* * * LOW HITPOINT WARNING * * *
The centaur closely misses you. The ice beast hits you.
* * * LOW HITPOINT WARNING * * *
The ice beast freezes you!
You die...

*,,,,,,..* *,****,***
*,#####.###*#,*,,,,,,,
*********###.#.......#..,,,**,**,
,,,,,,,,,.............>.,,,**,**,
,**,*******#.#.#........,,,**,**,
,**,* **###.#.#...#.#.#,,,**,**,
,**,** #,,(..#.#...#,*,*,,,**,**,
***,,**#.###.#.#...#,*,,<,,**,**,
**,,,........#@..#,*,,,,,,,,**,
*,,,........#Yc)#.#.#.*,*****,
*,,,.≈5≈....(...)......,,,,,,,
*,,,≈≈≈≈≈.†§#.###.#.#.#,**,**,
*,,,≈≈∩≈≈...........,,*,**,**,
****,,,≈≈≈≈≈..##.###....,,,**,**,
,,,,,,,.≈≈≈...,....,,....#,,,,,,,
,,,,,,,...$)..*#+###**##.#,*,****
,,,,,,,.......,,,,*,,,,*.#,,,,,,,


You could see an ice beast and a centaur.

Vanquished Creatures
  The ghost of zero the Firebug, an amateur DEFE (D:5)
  An ogre (D:4)
  A big kobold (D:3)
  A bullfrog (D:6)
  A howler monkey (D:4)
  2 crimson imps (D:5)
  A jelly (D:5)
  A hound (D:5)
  3 orc wizards (D:5)
  4 orc priests
  A bullfrog skeleton (D:5)
  3 worker ants
  A worker ant zombie (D:4)
  9 adders
  A river rat (D:6)
  A shadow imp (D:5)
  An ooze (D:4)
  3 dart slugs
  4 worms
  6 leopard geckos
  8 orcs
  2 ball pythons
  A giant cockroach (D:2)
  7 goblins
  16 hobgoblins
  4 jackals (D:3)
  2 quokkas
  9 bats
  3 frilled lizards
  A jackal skeleton (D:5)
  17 kobolds
  10 rats
126 creatures vanquished.

Notes
Turn   | Place    | Note
-------+----------+-------------------------------------------
     0 | D:1      | nikopol the Hill Orc Berserker began the quest for the Orb.
     0 | D:1      | Reached XP level 1. HP: 19/19 MP: 1/1
    68 | D:1      | Reached XP level 2. HP: 27/27 MP: 2/2
   415 | D:1      | Reached XP level 3. HP: 29/33 MP: 3/3
   666 | D:1      | Reached ** piety under Trog
   892 | D:2      | Reached skill level 5 in Axes
  1245 | D:2      | Reached XP level 4. HP: 29/41 MP: 4/4
  2040 | D:3      | Reached skill level 6 in Axes
  2416 | D:3      | Reached XP level 5. HP: 45/47 MP: 5/5
  2420 | D:3      | Noticed a big kobold
  2433 | D:3      | Killed a big kobold
  3020 | D:4      | Noticed an ogre
  3031 | D:4      | Killed an ogre
  3031 | D:4      | Reached skill level 5 in Fighting
  3031 | D:4      | Reached skill level 7 in Axes
  3031 | D:4      | Reached XP level 6. HP: 56/56 MP: 6/6
  3115 | D:4      | Reached *** piety under Trog
  3180 | D:4      | Found a staircase to the Ecumenical Temple.
  3446 | D:5      | Entered Level 5 of the Dungeon
  3447 | D:5      | Noticed zero's ghost (amateur DEFE)
  3458 | D:5      | Killed zero's ghost
  3458 | D:5      | Reached skill level 8 in Axes
  3458 | D:5      | Reached XP level 7. HP: 52/62 MP: 7/7
  3727 | D:5      | Found Weus's Food Emporium.
  3731 | D:5      | Reached skill level 9 in Axes
  4229 | D:5      | Reached XP level 8. HP: 57/70 MP: 8/8
  4272 | D:5      | Reached skill level 1 in Stealth
  4775 | D:6      | Reached **** piety under Trog
  4784 | D:6      | Noticed Grinder
  4785 | D:6      | Found a glowing drain.
  4807 | D:6      | HP: 2/71 [ice beast (4)]
  4807 | D:6      | Mangled by an ice beast

Vault maps used:
D:1:      eino_arrival_water_star
D:2:      serial_glass, glass_columns_a, glass_columns_c
D:3:      cheibrodos_thug_alley, minmay_close_crescents
D:4:      minmay_temple_entry_statues_fountains, first_ration
D:5:      serial_shops, shop
D:6:      portal_sewer_entry_a, uniq_edmund, uniq_grinder

Skill      XL: |  1  2  3  4  5  6  7  8 |
---------------+-------------------------+-----
Fighting       | 4 5 6 |  6.3
Axes           | 5 6 7 8 9 |  9.7
Dodging        | 2 3 |  3.1
Armour         | 3 4 |  4.0
Stealth        | 1 |  1.2

Action                   |  1- 3 |  4- 6 |  7- 9 || total
-------------------------+-------+-------+-------++-------
Melee: Hand axe          |   138 |   157 |   191 ||   486
Invok: Berserk           |       |     4 |     3 ||     7
  Use: Scroll            |       |     4 |     7 ||    11
       Potion            |       |     1 |     2 ||     3
  Eat: Chunk             |     1 |    10 |     7 ||    18
Armor: Animal skin       |    22 |    13 |       ||    35
       Ring mail         |       |    11 |    71 ||    82
Dodge: Dodged            |    90 |    76 |   114 ||   280

Table legend:
 A = Spawn XP
 B = Non-spawn XP
 C = Spawn XP percentage of total XP
 D = Spawn monster count
 E = Non-spawn monster count
 F = Spawn count percentage of total count
 G = Total turns spent on level
                    A         B        C        D         E        F      G
               +---------+---------+-------+---------+---------+-------+---------
         Total |       0 |    1543 |   0.0 |       0 |     126 |   0.0 |  4807
               +---------+---------+-------+---------+---------+-------+---------
           D:1 |       0 |      53 |   0.0 |       0 |      29 |   0.0 |   873
           D:2 |       0 |      62 |   0.0 |       0 |      19 |   0.0 |  1071
           D:3 |       0 |     168 |   0.0 |       0 |      31 |   0.0 |  1072
           D:4 |       0 |     262 |   0.0 |       0 |      12 |   0.0 |   430
           D:5 |       0 |     780 |   0.0 |       0 |      25 |   0.0 |  1292
           D:6 |       0 |     218 |   0.0 |       0 |      10 |   0.0 |    69
               +---------+---------+-------+---------+---------+-------+---------
